 Dungeon Crawl Stone Soup version 0.29.0-11-gd7f09526c8 (webtiles) character file.

Game seed: 4481136550189256051

3 iguanaiguana the Magician (level 1, -1/10 HPs)
             Began as a Kobold Hedge Wizard on Sept 6, 2022.
             Slain by a ball python (2 damage)
             ... on level 1 of the Dungeon.
             The game lasted 00:02:47 (137 turns).

iguanaiguana the Magician (Kobold Hedge Wizard)      Turns: 137, Time: 00:02:48

Health: -1/10      AC:  2    Str:  7    XL:     1   Next: 55%
Magic:  0/4        EV: 14    Int: 15    God:
Gold:   7          SH:  0    Dex: 14    Spells: 5/6 levels left

rFire   . . .      SeeInvis .   a - +0 dagger
rCold   . . .      Faith    .   (no shield)
rNeg    . . .      Spirit   .   b - +0 robe
rPois   .          Reflect  .   c - +0 hat
rElec   .          Harm     .   (no cloak)
rCorr   .          Rampage  .   (no gloves)
Will    .....                   (no boots)
Stlth   +++.......              (no amulet)
HPRegen 0.03/turn               (no ring)
MPRegen 0.09/turn               (no ring)

@: no status effects
A: small, no large weapons, nightstalker 3
a: no special abilities


You were on level 1 of the Dungeon.
You visited 1 branch of the dungeon, and saw 1 of its levels.

You collected 7 gold pieces.

Inventory:

Hand Weapons
 a - a +0 dagger (weapon)
Armour
 b - a +0 robe (worn)
 c - a +0 hat (worn)


   Skills:
 + Level 1.3 Short Blades
 - Level 2.4 Dodging
 - Level 2.6 Stealth
 - Level 3.2 Spellcasting
 - Level 1.0 Conjurations
 - Level 1.0 Summonings
 - Level 1.0 Translocations


You had 5 spell levels left.
You knew the following spells:

 Your Spells              Type           Power      Damage    Failure   Level
a - Magic Dart            Conj           20%        1d4       13%         1

Your spell library contained the following spells:

 Spells                   Type           Power      Damage    Failure   Level
 Slow                     Hex            8%         N/A       21%         1
 Blink                    Tloc           10%        N/A       21%         2
 Call Imp                 Summ           5%         N/A       21%         2
 Conjure Flame            Conj/Fire      3%         6-21      43%         3
 Mephitic Cloud           Conj/Pois/Air  3%         N/A       45%         3


Dungeon Overview and Level Annotations

Branches:
Dungeon (1/15) Zot: 5862

Altars:


Innate Abilities, Weirdness & Mutations

You are small and have problems with some larger weapons.
You are completely attuned to the shadows.


Message History

Your magical contamination has completely faded away.
Casting: Magic Dart (safe; 13% risk of failure)
Confirm with . or Enter, or press ? or * to list all spells.
You don't have enough magic to cast this spell.
Unknown command.
You aren't carrying any potions.
You aren't carrying any scrolls.
You barely miss the jackal. You hit the jackal but do no damage.
A bat comes into view.
You hit the jackal but do no damage. The jackal bites you.
* * * LOW HITPOINT WARNING * * *
You closely miss the jackal.
Casting: Magic Dart (safe; 13% risk of failure)
Confirm with . or Enter, or press ? or * to list all spells.
Aiming: Magic Dart (safe; 13% risk of failure)
Press: ? - help, Shift-Dir - straight line, f - jackal
Aim: a jackal (100% to hit)
The magic dart hits the jackal.
The jackal is moderately wounded.
A ball python comes into view.
You hit the jackal.
The jackal is severely wounded.
You barely miss the jackal.
The jackal is severely wounded.
The jackal bites you.
* * * LOW HITPOINT WARNING * * *
The bat hits you.
* * * LOW HITPOINT WARNING * * *
You hit the jackal but do no damage.
The jackal is severely wounded.
A hobgoblin comes into view.
Casting: Magic Dart (safe; 13% risk of failure)
Confirm with . or Enter, or press ? or * to list all spells.
You don't have enough magic to cast this spell.
The hobgoblin shouts!
You hit the jackal.
The jackal is almost dead.
The ball python bites you.
You die...

.......... ........#
#.....#.# #...#.# ..
... .. ..#.###.###
..##.##
#.#.##.......## ...>.
..............
#..#####......##....#
#.hhh@.b.........#..#
##.###S..........#..#
#.# #.##........# .#
#.# #.##....†..##.
... .g##...........
#.......###.
####....# #....#
##..####


You could see 3 jackals, a hobgoblin, a bat and a ball python.

Vanquished Creatures
  A ball python (D:1)
  A jackal (D:1)
  A rat (D:1)
3 creatures vanquished.

Notes
Turn   | Place    | Note
-------+----------+-------------------------------------------
     0 | D:1      | iguanaiguana the Kobold Hedge Wizard began the quest for
                  | the Orb.
     0 | D:1      | Reached XP level 1. HP: 10/10 MP: 4/4
   124 | D:1      | Reached skill level 1 in Short Blades
   137 | D:1      | Slain by a ball python

Illustrated notes

Levels and vault maps discovered:
D:1:      nagdon_arrival_double_spiral, layout_basic, serial_shops, shop,
          minmay_fountain_box, minmay_pentomino_t4

Skill      XL: |  1 |
---------------+----+-----
Short Blades   | 1 |  1.3
Dodging        | |  2.4
Stealth        | |  2.6
Spellcasting   | |  3.2
Conjurations   | |  1.0
Summonings     | |  1.0
Translocations | |  1.0

Action                   || total
-------------------------++-------
Melee: Dagger            ||     8
 Cast: Magic Dart        ||     9
  Use: Potion            ||     1
Armor: Robe              ||     5
Dodge: Dodged            ||    20
